 Dungeon Crawl Stone Soup version 0.32-a0-705-g60f233581c (webtiles) character file.

Game seed: 4193294008393577844

18 Dordric the Slasher (level 2, 0/36 HPs)
             Began as a Coglin Berserker on Mar 14, 2024.
             Was a Follower of Trog.
             Slain by a jackal (2 damage)
             ... on level 1 of the Dungeon.
             The game lasted 00:00:39 (193 turns).

Dordric the Slasher (Coglin Berserker)               Turns: 193, Time: 00:00:39

Health: 0/36       AC:  2    Str: 17    XL:     2   Next: 66%
Magic:  2/2        EV: 11    Int:  6    God:    Trog [*.....]
Gold:   12         SH:  0    Dex: 13    Spells: 1/1 levels left

rFire   . . .        a - +0 falchion {Imanvir}
rCold   . . .        c - +0 dagger {Kagemori}
rNeg    . . .        b - +0 animal skin
rPois   .            (no helmet)
rElec   .            (no cloak)
rCorr   .            (no gloves)
SInv    .            (no boots)
Will    .....        (amulet unavailable) Stlth
                     (ring unavailable)
HPRegen 0.26/turn    (ring unavailable)
MPRegen 0.08/turn    (no gizmo)

%: no passive effects
@: berserking (expiring), revved, very quick
A: off-hand wielding, slow wielding, warmup strikes, no jewellery
a: Invent Gizmo, Renounce Religion, Berserk


You were on level 1 of the Dungeon.
You worshipped Trog.
Trog was aware of your devotion.
You visited 1 branch of the dungeon, and saw 1 of its levels.

You collected 12 gold pieces.

Inventory:

Hand Weapons
 a - a +0 falchion (weapon) {Imanvir}
 c - a +0 dagger (offhand) {Kagemori}
Armour
 b - a +0 animal skin (worn)
Potions
 d - a potion of heal wounds {unknown}


   Skills:
 - Level 3.0 Fighting
 + Level 3.9 Long Blades
 - Level 1.7 Armour
 - Level 1.7 Dodging


You had one spell level left.
You didn't know any spells.
Your spell library was empty.

Dungeon Overview and Level Annotations

Branches:
Dungeon (1/15)

Altars:


Innate Abilities, Weirdness & Mutations

You can wield a second weapon in your off-hand.
It takes a long time for you to wield or remove held weapons.
Your first few attacks do less damage.
You cannot equip rings or amulets.


Message History

The bat hits you but does no damage.
You barely miss the bat with your +0 dagger.
You miss the bat with your +0 falchion. The bat hits you.
* * * LOW HITPOINT WARNING * * *
The bat hits you but does no damage. The goblin misses you.
You hit the bat but do no damage. You hit the bat with your +0 dagger.
The bat hits you.
* * * LOW HITPOINT WARNING * * *
The bat hits you but does no damage.
You miss the bat with your +0 dagger.
The bat is severely wounded.
You slash the bat with your +0 falchion!
You kill the bat!
Trog accepts your kill. The goblin hits you with a +0 club.
* * * LOW HITPOINT WARNING * * *
You puncture the goblin with your +0 dagger!
You kill the goblin!
Trog accepts your kill. The jackal barely misses you.
You closely miss the jackal with your +0 dagger.
You barely miss the jackal with your +0 falchion.
The jackal closely misses you.
You closely miss the jackal with your +0 falchion.
You closely miss the jackal with your +0 dagger.
The jackal misses you.
You closely miss the jackal with your +0 falchion.
You barely miss the jackal with your +0 dagger.
The jackal bites you.
* * * LOW HITPOINT WARNING * * *
Expiring: You are possessed by a berserker rage.
You're fully limbered up.
Your movement speed is very quick.
Your attack delay is about 0.6.
Your damage rating with your +0 falchion {Imanvir} is about 9 (Base 8 x 107% (Dex) x 112% (Skill)).
Your damage rating with your +0 dagger {Kagemori} is about 4 (Base 4 x 107% (Dex) x 109% (Skill)).
You hit the jackal with your +0 dagger.
The jackal is severely wounded.
You barely miss the jackal with your +0 falchion.
The jackal bites you.
You die...

......#
#......#.....
......# #......#....
#####.###......#...
#####...†.......##
.................###
#########......#...#
... #.....[....##.#
##. ##..###.......#
#.## #.@#####...
.......)#hJ...#
...####..)h..).~..
..#. #.#~.~...~.~#
..#. #.#..~.~.~.~$.
#.#...~.≈.~... .
#...~≈.≈~... .
#...~≈_≈~... #
#..~.~≈~.~..


You could see an endoplasm and 2 jackals.

Vanquished Creatures
  2 bats (D:1)
  3 endoplasms (D:1)
  2 goblins (D:1)
  A hobgoblin (D:1)
  2 jackals (D:1)
  A quokka (D:1)
  2 ball pythons (D:1)
  2 rats (D:1)
15 creatures vanquished.

Notes
Turn   | Place    | Note
-------+----------+-------------------------------------------
     0 | D:1      | Dordric the Coglin Berserker began the quest for the Orb.
     0 | D:1      | Reached XP level 1. HP: 18/18 MP: 1/1
    69 | D:1      | Reached XP level 2. HP: 2/24 MP: 2/2
   167 | D:1      | Found a faded altar of an unknown god.
   193 | D:1      | Slain by a jackal

Illustrated notes

Levels and vault maps discovered:
D:1:      lemuel_arrival_hallway, layout_rooms,
          shapermc_ecumenical_altar_starsandcircs

Action                     || total
---------------------------++-------
  Melee: Falchion          ||    39
         Dagger            ||    38
 Invoke: Berserk           ||     1
 Armour: Animal skin       ||    42
  Dodge: Dodged            ||    33

Table legend: (Time is in decaauts)
 A = Elapsed time spent in this place.
 B = Non-inter-level travel time spent in this place.
 C = Inter-level travel time spent in this place.
 D = Time resting spent in this place.
 E = Time spent auto-exploring this place.
 F = Levels seen in this place.
 G = Mean time per level.
                   A        B        C        D        E       F      G
               +--------+--------+--------+--------+--------+-----+--------+
         Total |    190 |    190 |      0 |      0 |    126 |   1 |  190.0 |
       Dungeon |    190 |    190 |      0 |      0 |    126 |   1 |  190.0 |
               +--------+--------+--------+--------+--------+-----+--------+

Top non-repeatable levels by time:
     D:1: 190 daAuts
